 Dungeon Crawl Stone Soup version 0.30-b1-2-g02819fbbbe (webtiles) character file.

Game seed: 7712164529043229288

1610 raph the Summoner (level 8, -12/45 HPs)
             Began as a Tengu Summoner on Dec 13, 2023.
             Was a Follower of Sif Muna.
             Killed from afar by a steam dragon (14 damage)
             ... with a ball of steam
             ... on level 7 of the Dungeon.
             The game lasted 00:10:03 (5799 turns).

raph the Summoner (Tengu Summoner)                  Turns: 5799, Time: 00:10:04

Health: -12/45     AC:  9    Str:  8    XL:     8   Next: 95%
Magic:  9/17       EV: 21    Int: 18    God:    Sif Muna [*.....]
Gold:   334        SH:  0    Dex: 15    Spells: 8/17 levels left

rFire   . . .        l - +0 trident
rCold   . . .        (no shield)
rNeg    . . .        a - +1 robe
rPois   .            (helmet restricted)
rElec   .            (no cloak)
rCorr   .            B - +1 pair of gloves
SInv    .            (boots unavailable)
Will    .....        (no amulet)
Stlth   +++          q - +4 ring of protection
HPRegen 0.27/turn    v - +5 ring of evasion
MPRegen 0.15/turn

%: no passive effects
@: about to teleport, flying quickly and evasively, quick
A: beak, talons 3, nimble flight
a: Renounce Religion, Channel Magic


You were on level 7 of the Dungeon.
You worshipped Sif Muna.
Sif Muna was aware of your devotion.
You visited 2 branches of the dungeon, and saw 8 of its levels.

You collected 334 gold pieces.

Inventory:

Hand Weapons
 f - a +0 short sword
 i - a +0 war axe
 l - a +0 trident (weapon)
 u - a +3 hand axe
Missiles
 x - 10 poisoned darts
Armour
 a - a +1 robe (worn)
 B - a +1 pair of gloves (worn)
Jewellery
 g - a ring of see invisible
 q - a +4 ring of protection (left hand)
 v - a +5 ring of evasion (right hand)
 w - a ring of fire
Wands
 p - a wand of iceblast (12)
Scrolls
 c - 3 scrolls of amnesia
 j - 2 scrolls of fog
 m - a scroll of fear
 t - a scroll of magic mapping
 C - a scroll of identify
Potions
 b - a potion of magic
 d - a potion of berserk rage
 e - 5 potions of might
 h - a potion of brilliance {unknown}
 k - 4 potions of curing
 n - a potion of lignification {unknown}
 r - a potion of flight
 s - a potion of degeneration {unknown}
 z - a potion of haste {unknown}
 A - a potion of mutation {unknown}


   Skills:
 + Level 2.8 Fighting
 + Level 3.8 Dodging
 + Level 3.8 Stealth
 + Level 5.3 Spellcasting
 * Level 10.5 Summonings


You had 8 spell levels left.
You knew the following spells:

 Your Spells              Type           Power      Damage    Failure   Level
a - Summon Small Mammal   Summ           100%       N/A       1%          1
b - Call Imp              Summ           84%        N/A       1%          2
c - Call Canine Familiar  Summ           42%        N/A       1%          3
d - Summon Guardian Gole  Hex/Summ       23%        N/A       4%          3

Your spell library contained the following spells:

 Spells                   Type           Power      Damage    Failure   Level
 Summon Lightning Spire   Summ/Air       23%        N/A       14%         4


Dungeon Overview and Level Annotations

Branches:
Dungeon (7/15)             Temple (1/1) D:6

Altars:
Ashenzari
Cheibriados
Dithmenos
Fedhas
Gozag
Hepliaklqana
Kikubaaqudgha
Makhleb
Nemelex Xobeh
Okawaru
Ru
Sif Muna
Trog
Uskayaw
Vehumet
Wu Jian
Xom
Yredelemnul
Zin
The Shining One

Shops:
D:5 *


Innate Abilities, Weirdness & Mutations

You have a beak for a mouth.
You have claws for feet.
Your magical nature lets you fly swiftly and evasively.


Message History

The ball of steam hits you!!
Ouch! That really hurt!
* * * LOW HITPOINT WARNING * * *
The hound misses you.
Okay, then.
Unknown command.
Your quokka bites the steam dragon.
The hound bites your guardian golem. The steam dragon misses you.
The steam dragon claws you but does no damage.
Found a scroll of teleportation.
The hound barely misses your guardian golem.
The water moccasin misses your wolf.
Your quokka misses the steam dragon.
Your wolf bites the hound but does no damage.
The steam dragon breathes steam at you. The ball of steam hits your quokka!!
Your quokka dies!
Your quokka's corpse disappears in a puff of smoke!
The ball of steam misses you.
Your guardian golem overheats!
You see here 5 poisoned darts.
Okay, then.
The hound bites your wolf. Flame seeps out of your guardian golem.
Your wolf closely misses the hound.
Your wolf barely misses the hound.
The hound closely misses your wolf.
Your guardian golem is engulfed in blazing flames.
Flame seeps out of your guardian golem.
As you read the scroll of teleportation, it crumbles to dust.
You feel strangely unstable.
You are engulfed in a cloud of scalding steam.
* * * LOW HITPOINT WARNING * * *
Your quokka is engulfed in a cloud of scalding steam.
Your quokka dies!
Your quokka's corpse disappears in a puff of smoke!
Flame seeps out of your guardian golem.
The water moccasin is engulfed in a cloud of scalding steam.
You feel a bit more experienced.
Your cerulean imp hits the steam dragon with a +0 spear.
The steam dragon breathes steam at you. The ball of steam hits you!
You die...

# #.##..##
.#..###.#..##
...........#
#..##.....#
#..####..#
#....#)..# #
####..#.#h#### .#
.........95(§#..####
#####.!h.D§@.....?.
##.§S.......###
#####......#
#....<.# #......#
#......# #...<..#
########


You could see a steam dragon (catching breath, ally target), a water moccasin, a
friendly guardian golem (summoned, inner flame), a friendly wolf (summoned,
sheltered) and a friendly cerulean imp (summoned, sheltered).

Vanquished Creatures
  A water moccasin (D:6)
  An ice beast (D:5)
  An ogre (D:6)
  A scorpion (D:5)
  5 hounds
  An orc priest (D:4)
  A jelly (D:4)
  2 iguanas
  An orc wizard (D:6)
  5 adders
  A white imp (D:6)
  4 dart slugs
  3 orcs
  6 ball pythons
  3 endoplasms
  4 giant cockroaches
  5 goblins
  4 hobgoblins
  2 kobolds
  4 quokkas
  4 bats
  2 frilled lizards (D:3)
61 creatures vanquished.

Vanquished Creatures (collateral kills)
  Sigmund (D:6)
  A water moccasin (D:5)
  A black bear (D:6)
  An ogre (D:5)
  A howler monkey (D:4)
  A hound (D:5)
  A jelly (D:5)
  2 orc priests (D:6)
  3 iguanas
  Terence (D:2)
  3 orc wizards (D:6)
  3 adders
  2 ufetubi
  2 worms (D:2)
  20 orcs
  3 endoplasms
  A giant cockroach (D:2)
  5 goblins
  5 hobgoblins (D:2)
  5 ball pythons
  2 frilled lizards
  4 kobolds
  2 rats (D:2)
70 creatures vanquished.

Vanquished Creatures (others)
  A hound (D:7)
  A hobgoblin (D:2)
2 creatures vanquished.

Grand Total: 133 creatures vanquished

Notes
Turn   | Place    | Note
-------+----------+-------------------------------------------
     0 | D:1      | raph the Tengu Summoner began the quest for the Orb.
     0 | D:1      | Reached XP level 1. HP: 10/10 MP: 4/4
    41 | D:1      | Reached skill level 5 in Summonings
   328 | D:1      | Reached XP level 2. HP: 12/15 MP: 3/6
   365 | D:1      | Found a glowing golden altar of the Shining One.
   462 | D:1      | Learned a level 2 spell: Call Imp
   685 | D:1      | Reached XP level 3. HP: 19/19 MP: 5/7
   689 | D:1      | Learned a level 3 spell: Call Canine Familiar
   695 | D:1      | Reached skill level 6 in Summonings
  1463 | D:2      | Reached XP level 4. HP: 24/24 MP: 4/8
  1725 | D:2      | Noticed Terence
  1765 | D:2      | Killed Terence
  1766 | D:2      | Reached skill level 7 in Summonings
  2791 | D:3      | Gained mutation: Your magical nature lets you fly swiftly
                  | and evasively. [Tengu growth]
  2791 | D:3      | Reached XP level 5. HP: 23/28 MP: 6/9
  3045 | D:3      | Found a hazy altar of Hepliaklqana.
  3413 | D:4      | Reached XP level 6. HP: 29/32 MP: 11/11
  3462 | D:4      | Reached skill level 8 in Summonings
  3577 | D:4      | Found a snail-covered altar of Cheibriados.
  3932 | D:5      | Entered Level 5 of the Dungeon
  3941 | D:5      | Reached XP level 7. HP: 36/36 MP: 6/13
  3953 | D:5      | Learned a level 3 spell: Summon Guardian Golem
  4191 | D:5      | Reached skill level 9 in Summonings
  4344 | D:5      | Found an ornate altar of the Wu Jian Council.
  4403 | D:5      | Found Erenuopt's General Store.
  4513 | D:5      | Reached skill level 1 in Fighting
  4668 | D:5      | Reached XP level 8. HP: 35/43 MP: 9/16
  4929 | D:6      | Found a staircase to the Ecumenical Temple.
  4938 | Temple   | Entered the Ecumenical Temple
  5109 | Temple   | Became a worshipper of Sif Muna the Loreminder
  5411 | D:6      | Noticed Sigmund
  5427 | D:6      | Reached skill level 5 in Spellcasting
  5445 | D:6      | Killed Sigmund
  5446 | D:6      | Reached skill level 10 in Summonings
  5681 | D:6      | Reached * piety under Sif Muna
  5795 | D:7      | HP: 2/45 [steam dragon/ball of steam (25)]
  5799 | D:7      | Killed from afar by a steam dragon

Illustrated notes

Levels and vault maps discovered:
D:1:      tekkud_arrival_beachfront_property, layout_basic, minmay_hexomino_r4
D:2:      layout_loops_ring, uniq_terence
D:3:      layout_loops_ring, nzn_hepliaklqana_mist_gate,
          chequers_serial_rivers_micro_d
D:4:      layout_basic, marbit_many_paths, serial_curves, eino_curves_04,
          eino_curves_03
D:5:      layout_rooms, overflow_temple_1_default, serial_shops, shop,
          kennysheep_generic_room_4
D:6:      layout_loops_cross, minmay_temple_entry_stoned_glass, uniq_sigmund
D:7:      layout_rooms, mainiacjoe_overflow_alcove_2
Temple:   eino_temple_scatter_basement

Skill      XL: |  1  2  3  4  5  6  7  8 |
---------------+-------------------------+-----
Summonings     | 5 6 7 8 9 10 | 10.5
Spellcasting   | 3 4 5 |  5.3
Fighting       | 1 2 |  2.8
Dodging        | 3 |  3.8
Stealth        | 3 |  3.8

Action                     |  1- 3 |  4- 6 |  7- 9 || total
---------------------------+-------+-------+-------++-------
  Melee: Kick              |    19 |    19 |    16 ||    54
         Short sword       |    51 |    31 |       ||    82
         Unarmed           |     6 |       |       ||     6
         Peck              |     8 |    11 |     8 ||    27
         Punch             |     1 |     1 |     1 ||     3
         Hand axe          |       |    47 |    11 ||    58
         Trident           |       |       |    60 ||    60
         War axe           |       |       |     1 ||     1
   Cast: Summon Small Mamm |    20 |    22 |    18 ||    60
         Call Imp          |     7 |    19 |     7 ||    33
         Call Canine Famil |     2 |    10 |     7 ||    19
         Summon Guardian G |       |       |     4 ||     4
    Use: Scroll            |       |       |    14 ||    14
         Potion            |       |       |     1 ||     1
   Stab: Sleeping          |     5 |     5 |     1 ||    11
         Distracted        |       |       |     1 ||     1
 Armour: Robe              |    13 |    10 |    14 ||    37
  Dodge: Dodged            |    41 |    72 |   105 ||   218
